 Dungeon Crawl Stone Soup version 0.18-a0-921-g28655ce (webtiles) character file.

15 Duffy the Ruffian (level 2, 0/26 HPs)
             Began as a Ghoul Fighter on Dec 27, 2015.
             Slain by a bat (1 damage)
             ... on level 2 of the Dungeon.
             The game lasted 00:00:45 (804 turns).

Duffy the Ruffian (Ghoul Fighter)                    Turns: 804, Time: 00:00:45

Health: 0/26       AC:  6    Str: 19    XL:     2   Next: 50%
Magic:  1/1        EV:  9    Int:  3    God:
Gold:   64         SH:  0    Dex:  8    Spells: 0 memorised, 1 level left

rFire  . . .     SeeInvis .       - Unarmed
rCold  + . .     Gourm    .     a - +0 scale mail
rNeg   + + +     Faith    .     (no shield)
rPois  ∞         Spirit   .     (no helmet)
rElec  .         Dismiss  .     (no cloak)
rCorr  .         Reflect  .     (no gloves)
SustAt .         Harm     .     (no boots)
MR     .....                    (no amulet)
Stlth  ..........               (no ring)
                                (no ring)

@: rotting, not resistant to hostile enchantments, extremely unstealthy
A: rotting body, claws 1, carnivore 3, cold resistance 1, negative energy
resistance 3, slow regeneration 1, torment resistance, unbreathing
a: no special abilities


You were on level 2 of the Dungeon.
You were not hungry.

You visited 1 branch of the dungeon, and saw 2 of its levels.

You collected 64 gold pieces.


Innate Abilities, Weirdness & Mutations

Your body is rotting away.
You thrive on raw meat.
You are immune to poison.
You have sharp fingernails.
You are carnivorous and can eat meat at any time.
Your flesh is cold resistant.
You are immune to negative energy.
You regenerate slowly when monsters are visible.
You are immune to unholy pain and torment.
You can survive without breathing.


   Skills:
 - Level 3.2 Fighting
 - Level 2.6 Armour
 - Level 2.6 Shields
 + Level 3.3 Unarmed Combat


You had one spell level left.
You didn't know any spells.

Inventory:

Armour
 a - a +0 scale mail (worn)
 b - a +0 shield
Scrolls
 e - a scroll of magic mapping {unknown}
 f - a scroll of fear {unknown}
 h - 2 scrolls of remove curse {unknown}
 i - a scroll of immolation {unknown}
 m - 2 scrolls of identify {unknown}
Potions
 c - a potion of might
 g - a potion of haste {unknown}
 k - a potion of brilliance {unknown}
 l - 2 potions of curing {unknown}
 n - a potion of cancellation {unknown}
Comestibles
 d - a meat ration
 j - 2 chunks of flesh

Dungeon Overview and Level Annotations

Branches:
Dungeon (2/15)

Altars:


Message History

The worm is severely wounded.
You scratch the worm.
The worm is severely wounded.
The worm bites you but does no damage.
You scratch the worm.
The worm is severely wounded.
The worm closely misses you.
You scratch the worm but do no damage. You claw the worm.
The worm is severely wounded.
You scratch the worm but do no damage.
The worm is severely wounded.
The worm bites you.
You scratch the worm.
The worm is almost dead.
You claw the worm!
You kill the worm!
A bat comes into view.
The bat moves out of view.
A bat is nearby!
The bat hits you but does no damage.
You swing at nothing.
You swing at nothing.
You swing at nothing.
The bat hits you but does no damage.
You swing at nothing.
The bat hits you but does no damage.
You scratch the bat but do no damage. The bat barely misses you.
You barely miss the bat. The bat barely misses you.
You swing at nothing.
You scratch the bat.
The bat is moderately wounded.
The bat closely misses you.
You swing at nothing.
The bat hits you but does no damage.
You scratch the bat.
The bat is almost dead.
The bat hits you.
You die...

### #.. #.# #.#
#@# ###b####
#......#
#.#.##!########
#..............#
#..#.##........#
#..#.##........#
#.............<#
#..#.##........#


You could see a bat.

Action                   || total
-------------------------++-------
Melee: Unarmed           ||    46
  Eat: Chunk             ||     1

Notes
Turn   | Place    | Note
--------------------------------------------------------------
     0 | D:1      | Duffy the Ghoul Fighter began the quest for the Orb.
     0 | D:1      | Reached XP level 1. HP: 19/19 MP: 0/0
   476 | D:1      | Reached skill level 3 in Unarmed Combat
   476 | D:1      | Reached XP level 2. HP: 20/26 MP: 1/1
   804 | D:2      | Slain by a bat

Vault maps used:
D:1:      elethiomel_arrival_infinity_welcomes_careful_drivers
D:2:      grunt_ministairs_2, minmay_joined_circles

Vanquished Creatures
  A worm
  A goblin
  A hobgoblin
  A ball python
  5 bats
  2 giant newts
  A kobold
  2 rats
14 creatures vanquished.
